 Dungeon Crawl Stone Soup version 0.29.1-12-g30fa7ad0bf (webtiles) character file.

Game seed: 9767154999645022012

140 soggyman666 the Magician (level 5, 0/35 HPs)
             Began as a Djinni Fire Elementalist on Dec 24, 2022.
             Killed from afar by Ijyb (14 damage)
             ... with an iceblast
             ... on level 3 of the Dungeon.
             The game lasted 00:04:00 (2832 turns).

soggyman666 the Magician (Djinni Fire Elementalist) Turns: 2832, Time: 00:04:00

Health: 0/35       AC:  2    Str:  7    XL:     5   Next: 47%
Gold:   117        EV: 12    Int: 18    God:
                   SH:  0    Dex: 14

rFire   + + .      SeeInvis +   (no weapon)
rCold   x . .      Faith    .   (no shield)
rNeg    . . .      Spirit   .   a - +0 robe
rPois   ∞          Reflect  .   (no helmet)
rElec   .          Harm     .   (no cloak)
rCorr   .          Rampage  .   (no gloves)
Will    .....                   (boots unavailable)
Stlth   ++........              (no amulet)
HPRegen 0.11/turn               i - ring of see invisible
MPRegen 0.00/turn               (no ring)

@: flying
A: sickness immunity, fire resistance 2, cold vulnerability 1, float, innate
caster, HP casting, extra vitality 1
a: no special abilities


You were on level 3 of the Dungeon.
You visited 1 branch of the dungeon, and saw 3 of its levels.

You collected 117 gold pieces.

Inventory:

Missiles
 l - a throwing net
Armour
 a - a +0 robe (worn)
Jewellery
 i - a ring of see invisible (left hand)
Scrolls
 c - a scroll of enchant weapon {unknown}
 f - a scroll of enchant armour {unknown}
 g - a scroll of fear {unknown}
 h - 4 scrolls of identify {unknown}
 j - a scroll of teleportation {unknown}
 k - a scroll of poison {unknown}
 n - a scroll of butterflies {unknown}
 o - a scroll of immolation {unknown}
Potions
 b - a potion of mutation {unknown}
 d - a potion of brilliance {unknown}
 e - a potion of lignification {unknown}
 m - 2 potions of heal wounds {unknown}
 p - 2 potions of might {unknown}


   Skills:
 + Level 2.5 Dodging
 + Level 2.0 Stealth
 + Level 4.2 Spellcasting


You couldn't memorise any spells.
You knew the following spells:

 Your Spells              Type           Power      Damage    Failure   Level
a - Foxfire               Conj/Fire      76%        2x1d7     2%          1
b - Scorch                Fire           38%        2d7       3%          2
c - Conjure Flame         Conj/Fire      19%        6-21      8%          3
d - Inner Flame           Hex/Fire       19%        N/A       8%          3
e - Flame Wave            Conj/Fire      19%        2d7       26%         4
f - Apportation           Tloc           38%        N/A       2%          1
g - Blink                 Tloc           38%        N/A       3%          2
Your spell library was empty.

Dungeon Overview and Level Annotations

Branches:
Dungeon (3/15)

Altars:

Shops:
D:1 (

Annotations:
D:3 Ijyb


Innate Abilities, Weirdness & Mutations

You are immune to sickness and miasma.
You are immune to poison.
Your flesh is very heat resistant. (rF++)
You are vulnerable to cold. (rC-)
You float through the air rather than walking.
You learn spells naturally, not from books.
Your magical power is your life essence.
You have superior vitality. (+4 MHP)


Message History

An adder is nearby!
An adder comes into view.
Casting: Scorch (safe; 4% risk of failure)
Confirm with . or Enter, or press ? or * to list all spells.
Flames lash the adder.
The adder is heavily wounded.
The adder's fire resistance burns away.
The adder hisses angrily.
Casting: Scorch (safe; 4% risk of failure)
Confirm with . or Enter, or press ? or * to list all spells.
Flames lash the adder.
The adder is burned terribly!
You kill the adder!
You hear a shout!
Casting: Scorch (safe; 4% risk of failure)
Confirm with . or Enter, or press ? or * to list all spells.
Flames lash the adder.
The adder is lightly wounded.
The adder's fire resistance burns away.
Casting: Scorch (safe; 4% risk of failure)
Confirm with . or Enter, or press ? or * to list all spells.
Flames lash the adder.
The adder is burned terribly!
You kill the adder!
Ijyb the Twisted Goblin comes into view.
She is wielding a +0 club and carrying a wand of iceblast (14).
Found an escape hatch in the floor.
Found a stone staircase leading down.
Ijyb drinks a potion.
Ijyb seems to speed up.
Casting: Scorch (safe; 3% risk of failure)
Confirm with . or Enter, or press ? or * to list all spells.
Aiming: Inner Flame (dangerous; 8% risk of failure)
Press: ? - help, Dir - move target, f - Ijyb
Aim: Ijyb, wielding a +0 club, wearing a +0 chain mail and carrying a wand of iceblast (14) (fast, chance to affect: 81%) Ijyb is filled with an inner flame.
Ijyb zaps a wand.
The mass of ice explodes!
The iceblast engulfs you!
You feel a painful chill!
You hear a shout! x9
Casting: Inner Flame (dangerous; 8% risk of failure)
Confirm with . or Enter, or press ? or * to list all spells.
You conjure some foxfire!
Ijyb screams, "Die!"
Ijyb zaps a wand.
The mass of ice explodes!
The iceblast engulfs your foxfire! The iceblast engulfs you!
You feel a painful chill!
You die...

#..# # #.. .#
#.. ##. ... ..
#.##.# # #.#..#
#
.#.##.#v#.##.###
>.....v@.......#
.#.##.#.#.##.#.#
.g #.#.# # >..
..#.# ##.. ...
...#.# ...# ..
....#.#....#. .
.....#<.......
###.#####....##
....#


You could see Ijyb (fast, inner flame, ally target).

Vanquished Creatures
  Natasha (thrice) (D:2)
  2 adders (D:3)
  4 worms (D:2)
  An endoplasm (D:1)
  2 giant cockroaches (D:1)
  4 goblins
  4 hobgoblins
  4 quokkas
  5 ball pythons (D:2)
  3 bats
  2 frilled lizards (D:2)
  3 kobolds
  2 rats (D:2)
39 creatures vanquished.

Vanquished Creatures (collateral kills)
  2 foxfires (D:1)
2 creatures vanquished.

Vanquished Creatures (others)
  146 foxfires
  4 plants (D:1)
150 creatures vanquished.

Grand Total: 191 creatures vanquished

Notes
Turn   | Place    | Note
-------+----------+-------------------------------------------
     0 | D:1      | soggyman666 the Djinni Fire Elementalist began the quest
                  | for the Orb.
     0 | D:1      | soggyman666 set off with the following spells memorised:
                  | Foxfire, Scorch, Conjure Flame, Inner Flame, Flame Wave.
     0 | D:1      | Reached XP level 1. HP: 15/15 MP: 0/0
    39 | D:1      | Found Cellyg's Antique Weapon Shoppe.
   643 | D:1      | Found a faded altar of an unknown god.
   684 | D:1      | Reached XP level 2. HP: 14/21 MP: 0/0
  1464 | D:2      | Reached skill level 3 in Spellcasting
  1465 | D:2      | Noticed Natasha
  1467 | D:2      | Reached XP level 3. HP: 20/25 MP: 0/0
  1467 | D:2      | Learned a level 1 spell: Apportation
  1473 | D:2      | Killed Natasha
  1791 | D:2      | Reached XP level 4. HP: 25/31 MP: 0/0
  2158 | D:2      | Noticed Natasha
  2164 | D:2      | Killed Natasha
  2513 | D:2      | Noticed Natasha
  2516 | D:2      | Killed Natasha
  2517 | D:2      | Reached skill level 4 in Spellcasting
  2517 | D:2      | Reached XP level 5. HP: 27/35 MP: 0/0
  2517 | D:2      | Learned a level 2 spell: Blink
  2830 | D:3      | Noticed Ijyb
  2832 | D:3      | Killed from afar by Ijyb

Illustrated notes

Levels and vault maps discovered:
D:1:      lemuel_arrival_river_ford, layout_basic, serial_shops, shop,
          shapermc_ecumenical_altar_mp_urbaneastern
D:2:      layout_basic, uniq_natasha
D:3:      layout_basic, nzn_wu_jian_contemplation, portal_sewer_entry_f,
          serial_bayou_lagoon_a, roderic_roman_lattice, uniq_ijyb, uniq_robin

Skill      XL: |  1  2  3  4 |
---------------+-------------+-----
Spellcasting   | 3 4 |  4.2
Stealth        | 2 |  2.0
Dodging        | |  2.5

Action                   |  1- 3 |  4- 6 || total
-------------------------+-------+-------++-------
 Cast: Foxfire           |    50 |    42 ||    92
       Scorch            |     9 |    11 ||    20
       Inner Flame       |       |     1 ||     1
Dodge: Dodged            |     6 |       ||     6
